Map: Romanticide LE

Players

Rex

  • Race: Zerg Zerg

Has - Winner!

  • Race: Protoss Protoss

VOD

Have the link to the VOD?

Description

Time

  • Played on: Sept. 29, 2021, 8:10 a.m.
  • Length: 6:09
Show
View Real Time Build Order
Export as new Build Order

Rex Zerg 

Build Orders: Hatch First 

Get SALT Encoding   

  12  0:00  Drone  
  13  0:13  Overlord  
  13  0:17  Drone  
  14  0:31  Drone x2  
  16  0:48  Hatchery  
  15  0:51  Drone  
  15  0:54  Drone  
  17  0:58  Drone  
  18  1:09  Extractor  
  17  1:13  Spawning Pool  
  17  1:16  Drone  
  17  1:20  Drone  
  18  1:28  Drone  
  19  1:39  Drone  
  20  1:50  Overlord  
  20  1:59  Queen  
  20  2:00  Queen  
  24  2:01  Zergling x4  
  26  2:08  Metabolic Boost  
  26  2:10  Drone  
  26  2:12  Drone  
  28  2:21  Drone  
  29  2:23  Drone  
  30  2:39  Hatchery, Queen  
  31  2:47  Drone x2  
  31  2:50  Overlord  
  34  2:51  Drone  
  34  2:54  Drone  
  34  2:56  Drone  
  36  3:10  Drone x6  
  42  3:14  Drone, Overlord  
  43  3:20  Drone  
  43  3:25  Roach Warren  
  43  3:27  Overlord  
  43  3:29  Overlord  
  43  3:33  Overlord  
  43  3:45  Zergling x8  
  47  3:56  Zergling x12  
  47  4:00  Spore Crawler  
  51  4:05  Overlord  
  51  4:07  Queen  
  53  4:12  Roach x4  
  61  4:18  Zergling x2, Roach  
  61  4:19  Zergling x2  
  61  4:21  Zergling x6  
  61  4:24  Zergling x2  
  69  4:26  Zergling x4  
  69  4:29  Zergling x4  
  73  4:31  Zergling x2  
  73  4:34  Zergling x2  
  75  4:38  Overlord  
  75  4:42  Overlord  
  75  4:48  Zergling x10  
  75  4:51  Roach  
  81  4:57  Roach  
  81  4:58  Roach x2  
  74  5:03  Roach  
  74  5:04  Zergling x4  
  63  5:13  Roach  
  56  5:24  Roach  
  51  5:32  Zergling x20, Roach  
  51  5:33  Zergling x2  
  58  5:41  Roach  
Show
View Real Time Build Order
Export as new Build Order

Has Protoss - Winner!

Build Orders: 1 Gate Expand 

Get SALT Encoding   

  12  0:00  Probe  
  13  0:12  Probe  
  14  0:20  Pylon  
  14  0:24  Probe  
  15  0:32  Assimilator  
  15  0:38  Probe (Chrono Boost)  
  15  0:42  Gateway  
  16  0:47  Probe (Chrono Boost)  
  17  0:53  Probe  
  18  1:05  Probe  
  19  1:19  Nexus  
  19  1:29  Cybernetics Core  
  19  1:33  Probe  
  20  1:40  Pylon  
  20  1:45  Probe  
  21  1:57  Probe  
  22  2:04  Stalker (Chrono Boost)  
  22  2:07  Robotics Facility  
  24  2:09  Probe  
  25  2:21  Probe, Warp Gate (Chrono Boost)  
  26  2:27  Zealot  
  28  2:31  Probe (Chrono Boost)  
  30  2:37  Probe (Chrono Boost)  
  30  2:43  Probe (Chrono Boost)  
  31  2:45  Gateway  
  31  2:49  Probe x2 (Chrono Boost)  
  33  2:54  Warp Prism (Chrono Boost)  
  35  2:59  Probe  
  36  3:06  Gateway  
  36  3:20  Immortal (Chrono Boost)  
  36  3:21  Gateway  
  40  3:27  Gateway  
  40  3:32  Gateway  
  40  3:39  Gateway  
  40  3:44  Pylon  
  40  3:49  Pylon  
  40  4:02  Zealot x3  
  46  4:09  Pylon  
  46  4:22  Zealot x5  
  56  4:33  Zealot  
  56  4:34  Zealot  
  60  4:41  Pylon  
  60  4:43  Zealot x4  
  60  4:44  Zealot  
  66  5:04  Zealot x5  
  64  5:08  Zealot x2  
  54  5:28  Zealot  
  54  5:29  Zealot x5  
  54  5:34  Zealot  
Tags
 
Add a new tag
Caveats
  • Supply blocks, unpowered buildings, or Contaminate may cause inaccurate times.
  • Supply counts are checked every 10 seconds.